Map: Terraform LE (Void)

Players

wabbajack - Winner!

  • Race: Zerg Zerg
  • League: Gold

aQsto

  • Race: Terran Terran
  • League: Bronze

VOD

Have the link to the VOD?

Description

Time

  • Played on: July 20, 2015, 12:14 p.m.
  • Length: 8:14
Show
View Real Time Build Order
Export as new Build Order

wabbajack Zerg - Winner!

Build Orders: Hatch First 

Get SALT Encoding   

  12  0:01  Drone  
  13  0:13  Overlord  
  13  0:18  Drone  
  14  0:23  Drone, Extractor  
  15  0:33  Drone  
  16  0:36  Drone  
  17  0:54  Hatchery  
  16  1:00  Drone x2  
  16  1:02  Extractor  
  17  1:08  Drone  
  18  1:19  Spawning Pool  
  18  1:24  Drone  
  18  1:31  Drone  
  19  1:40  Drone  
  20  1:47  Extractor  
  20  1:52  Overlord  
  19  2:02  Drone  
  19  2:05  Queen  
  19  2:06  Metabolic Boost  
  22  2:10  Queen  
  25  2:15  Drone  
  25  2:18  Drone  
  25  2:21  Drone  
  27  2:28  Drone  
  28  2:38  Baneling Nest  
  27  3:01  Zergling x4  
  27  3:04  Zergling x2  
  30  3:07  Overlord  
  30  3:20  Zergling x4  
  30  3:21  Zergling x4  
  30  3:26  Overlord  
  34  3:28  Zergling x4  
  34  3:32  Pneumatized Carapace  
  36  3:43  Drone x2  
  36  3:44  Drone x2  
  36  3:45  Drone  
  36  3:46  Drone  
  42  3:56  Baneling x3  
  42  3:57  Baneling  
  39  4:11  Spine Crawler x2  
  39  4:15  Spine Crawler  
  39  4:16  Spine Crawler  
  35  4:20  Spine Crawler  
  35  4:23  Roach Warren  
  16  5:16  Zergling x8  
  16  5:19  Baneling x4  
  20  5:29  Drone  
  20  5:30  Drone x8  
  28  6:11  Roach x4  
  28  6:12  Roach x4  
  37  6:51  Overlord x2  
  37  7:04  Overlord  
  37  7:17  Hatchery  
  37  7:18  Roach  
  37  7:19  Roach x2  
Show
View Real Time Build Order
Export as new Build Order

aQsto Terran 

Build Orders: Hellion Opening 

Get SALT Encoding   

  12  0:01  SCV  
  13  0:13  SCV  
  14  0:18  Supply Depot  
  14  0:25  SCV  
  15  0:39  SCV  
  15  0:41  Barracks  
  16  0:48  Refinery  
  16  0:51  Refinery  
  16  0:54  SCV  
  17  1:06  SCV  
  18  1:20  SCV  
  19  1:31  Supply Depot, Marine  
  20  1:35  Factory  
  20  1:42  Orbital Command  
  20  1:50  Marine  
  21  2:03  Factory  
  21  2:07  SCV  
  22  2:18  Marine  
  22  2:19  SCV  
  22  2:20  Factory Tech Lab  
  24  2:32  SCV  
  25  2:40  Hellion, Infernal Pre-Igniter  
  25  2:44  SCV  
  28  2:46  Factory Reactor  
  27  3:00  SCV  
  27  3:01  Hellion  
  30  3:08  Supply Depot  
  30  3:13  Supply Depot  
  30  3:18  Armory  
  30  3:30  Hellion x2  
  34  3:34  Hellion  
  34  3:36  SCV  
  37  3:48  SCV  
  38  3:52  Hellion x2  
  42  4:00  SCV  
  42  4:01  Hellion  
  45  4:12  SCV  
  46  4:17  Supply Depot  
  46  4:22  Supply Depot  
  46  4:38  Hellion  
  46  4:39  Hellion  
  46  4:42  Hellion  
  28  4:57  SCV  
  21  5:00  Hellion x2  
  21  5:04  Hellion  
  25  5:09  SCV  
  26  5:21  SCV  
  27  5:33  SCV  
  28  5:45  SCV  
  28  5:47  Hellion  
  29  5:58  SCV  
  26  6:15  SCV  
  27  6:27  SCV  
  18  6:40  Siege Tank  
  14  6:48  SCV  
  13  7:00  SCV  
  14  7:02  Hellion  
  14  7:04  Hellion  
  18  7:12  SCV  
  19  7:19  Siege Tank  
  22  7:24  SCV  
  23  7:31  Engineering Bay  
  23  7:37  SCV  
Tags
 
Add a new tag
Caveats
  • Supply blocks, unpowered buildings, or Contaminate may cause inaccurate times.
  • Supply counts are checked every 10 seconds.